 Dungeon Crawl Stone Soup version 0.27-a0-1177-g245c70e (webtiles) character file.

Game seed: 84599129525517412

59 Meow the Stinger (level 4, 30/36 HPs)
             Began as a Naga Venom Mage on May 16, 2021.
             Quit the game on level 3 of the Dungeon.
             The game lasted 00:08:43 (1839 turns).

Meow the Stinger (Naga Venom Mage)                  Turns: 1839, Time: 00:08:43

Health: 30/36      AC:  2    Str: 10    XL:     4   Next: 3%
Magic:  4/8        EV: 10    Int: 16    God:
Gold:   72         SH:  0    Dex: 12    Spells: 4/8 levels left

rFire    . . .     SeeInvis +   a - +2 hunting sling (flame)
rCold    . . .     Faith    .   (no shield)
rNeg     . . .     Spirit   .   d - +0 robe
rPois    +         Reflect  .   (no helmet)
rElec    .         Harm     .   (no cloak)
rCorr    .         Rampage  .   (no gloves)
Will     .....                  (no barding)
Stlth    +++.......             (no amulet)
HPRegen  0.12/turn              (no ring)
MPRegen  0.11/turn              (no ring)

@: short of breath, very slow
A: AC +1, large, see invisible, deformed body, poison resistance, slowness 2,
spit poison 1, naga tail 1
a: Spit Poison


You were on level 3 of the Dungeon.
You visited 1 branch of the dungeon, and saw 3 of its levels.

You collected 72 gold pieces.

Inventory:

Hand Weapons
 a - a +2 hunting sling of flaming (weapon)
 b - a +0 short sword
 f - a +0 hand axe
Missiles
 e - 17 bolts
 h - 19 stones
 j - 5 silver javelins
 k - 21 sling bullets (quivered ammo)
 m - 8 javelins
 r - 7 arrows
Armour
 d - a +0 robe (worn)
Magical Staves
 i - a staff of fire
Jewellery
 o - a ring of protection from cold
Scrolls
 c - 3 scrolls of identify {unknown}
 l - a scroll of enchant weapon {unknown}
 n - a scroll of amnesia {unknown}
 q - a scroll of enchant armour {unknown}
Potions
 g - a potion of invisibility {unknown}
 p - a potion of berserk rage {unknown}


   Skills:
 - Level 1.5 Dodging
 + Level 4.4 Stealth
 + Level 2.7 Spellcasting
 - Level 1.0 Transmutations
 + Level 4.9 Poison Magic


You had 4 spell levels left.
You knew the following spells:

 Your Spells              Type           Power      Damage    Failure   Level
a - Sting                 Tmut/Pois      44%        1d5       6%          1
c - Mephitic Cloud        Conj/Pois/Air  7%         N/A       28%         3

Your spell library contained the following spells:

 Spells                   Type           Power      Damage    Failure   Level
 Poisonous Vapours        Pois/Air       20%        N/A       11%         2
 Ignite Poison            Fire/Tmut/Pois 8%         N/A       26%         3
 Olgreb's Toxic Radiance  Pois           18%        N/A       26%         4


Dungeon Overview and Level Annotations

Branches:
Dungeon (3/15)

Altars:
Fedhas

Annotations:
D:2 Sigmund


Innate Abilities, Weirdness & Mutations

Your serpentine skin is tough. (AC +1)
You have supernaturally acute eyesight. (SInv)
Armour fits poorly on your strangely shaped body.
Your system is resistant to poisons. (rPois)
You cover ground very slowly.
You can spit poison.
You have a snake-like lower body.


Message History

Casting: Sting (safe; 6% risk of failure)
Confirm with . or Enter, or press ? or * to list all spells.
Aiming: Sting (safe; 6% risk of failure)
Press: ? - help, Shift-Dir - straight line, f/p - worm
Aim: a worm (lightly wounded, 90% to hit)
The sting hits the worm.
The worm is poisoned.
The worm is moderately wounded.
Casting: Sting (safe; 6% risk of failure)
Confirm with . or Enter, or press ? or * to list all spells.
Aiming: Sting (safe; 6% risk of failure)
Press: ? - help, Shift-Dir - straight line, f/p - worm
Aim: a worm (moderately wounded, poisoned, 90% to hit)
The sting hits the worm.
The worm looks even sicker.
The worm is heavily wounded.
The worm misses you.
Unknown command.
Casting: Sting (safe; 6% risk of failure)
Confirm with . or Enter, or press ? or * to list all spells.
Aiming: Sting (safe; 6% risk of failure)
Press: ? - help, Shift-Dir - straight line, f/p - worm
Aim: a worm (moderately wounded, very poisoned, 90% to hit)
The sting hits the worm.
The worm looks even sicker.
The worm is severely wounded.
The worm bites you.
Unknown command.
You have got your breath back.
Press: ? - help, Shift-Dir - straight line, f/p - worm
Aim: a worm (heavily wounded, very poisoned)
The splash of poison misses the worm.
Casting: Sting (safe; 6% risk of failure)
Confirm with . or Enter, or press ? or * to list all spells.
Aiming: Sting (safe; 6% risk of failure)
Press: ? - help, Shift-Dir - straight line, f/p - worm
Aim: a worm (heavily wounded, very poisoned, 90% to hit)
The sting hits the worm.
The worm looks even sicker.
The worm is almost dead.
You kill the worm!
You have reached level 4!
You feel agile.
Are you sure you want to abandon this character and quit the game? (Confirm with "yes".)

###
###########.#
#.?..@......#
#.#########.#
#. #.# #.# #.
#.# #.# #.
#.# #.###.
#.# #...#.#
#.#
#####...#.#
#.#
...#...#.#
#.#


There were no monsters in sight!

Vanquished Creatures
  3 worms
  4 dart slugs
  An orc (D:3)
  4 ball pythons
  4 endoplasms
  A giant cockroach (D:1)
  2 goblins (D:1)
  3 hobgoblins (D:1)
  6 jackals
  A quokka (D:1)
  2 bats (D:1)
  A frilled lizard (D:1)
  3 kobolds
  6 rats
41 creatures vanquished.

Notes
Turn   | Place    | Note
-------+----------+-------------------------------------------
     0 | D:1      | Meow the Naga Venom Mage began the quest for the Orb.
     0 | D:1      | Reached XP level 1. HP: 15/15 MP: 3/3
   183 | D:1      | Reached XP level 2. HP: 21/22 MP: 1/5
   726 | D:1      | Reached XP level 3. HP: 28/28 MP: 6/6
   730 | D:1      | Learned a level 3 spell: Mephitic Cloud
  1287 | D:2      | Noticed Sigmund
  1373 | D:3      | Found a faded altar of an unknown god.
  1767 | D:3      | Found a blossoming altar of Fedhas.
  1839 | D:3      | Reached XP level 4. HP: 30/36 MP: 4/8
  1839 | D:3      | Quit the game

Illustrated notes

Levels and vault maps discovered:
D:1:      dpeg_arrival_yet_another_circle, layout_loops_ring
D:2:      layout_basic, uniq_terence, uniq_sigmund
D:3:      layout_basic, fedhas_altar_3, hellmonk_ecumenical_altar_dog_temple,
          kennysheep_generic_room_6

Skill      XL: |  1  2  3 |
---------------+----------+-----
Stealth        | 4 |  4.4
Dodging        | |  1.5
Spellcasting   | |  2.7
Transmutations | |  1.0
Poison Magic   | |  4.9

Action                   |  1- 3 |  4- 6 || total
-------------------------+-------+-------++-------
Melee: Dagger            |     3 |       ||     3
       Short sword       |     2 |       ||     2
 Fire: Hunting sling     |    13 |       ||    13
 Cast: Sting             |    31 |       ||    31
 Abil: Spit Poison       |    34 |       ||    34
Armor: Robe              |     2 |       ||     2
Dodge: Dodged            |    11 |       ||    11

Table legend: (Time is in decaauts)
 A = Elapsed time spent in this place.
 B = Non-inter-level travel time spent in this place.
 C = Inter-level travel time spent in this place.
 D = Time resting spent in this place.
 E = Time spent auto-exploring this place.
 F = Levels seen in this place.
 G = Mean time per level.
                   A        B        C        D        E       F      G
               +--------+--------+--------+--------+--------+-----+--------+
         Total |   2396 |   2338 |     58 |    286 |   1628 |   3 |  798.7 |
       Dungeon |   2396 |   2338 |     58 |    286 |   1628 |   3 |  798.7 |
               +--------+--------+--------+--------+--------+-----+--------+

Top non-repeatable levels by time:
     D:1: 1456 daAuts
     D:3: 703 daAuts
     D:2: 237 daAuts
